 Dungeon Crawl Stone Soup version 0.31-a0-803-g95b03c3367 (webtiles) character file.

Game seed: 5608129393658151257

149 Maratek the Trooper (level 5, -13/42 HPs)
             Began as a Demonspawn Fighter on Sept 21, 2023.
             Was an Initiate of Okawaru.
             Mangled by an ogre
             ... wielding a +0 giant club
              (31 damage)
             ... on level 4 of the Dungeon.
             The game lasted 00:03:33 (2284 turns).

Maratek the Trooper (Demonspawn Fighter)            Turns: 2284, Time: 00:03:34

Health: -13/42     AC:  9    Str: 18    XL:     5   Next: 9%
Magic:  5/5        EV:  9    Int: 11    God:    Okawaru [......]
Gold:   136        SH:  4    Dex: 13    Spells: 4/4 levels left

rFire   . . .        g - +9 hand axe of Inference {venom, Int+2}
rCold   . . .        c - +0 buckler
rNeg    . . .        p - +2 scale mail {rPois}
rPois   +            (no helmet)
rElec   .            (no cloak)
rCorr   .            (no gloves)
SInv    .            (no boots)
Will    .....        (no amulet) Stlth
                     (no ring)
HPRegen 0.27/turn    (no ring)
MPRegen 0.09/turn

%: no passive effects
@: no status effects
A: spiny 2, sharp scales 1
a: Renounce Religion


You were on level 4 of the Dungeon.
You worshipped Okawaru.
Okawaru was noncommittal.
You visited 1 branch of the dungeon, and saw 4 of its levels.

You collected 136 gold pieces.

Inventory:

Hand Weapons
 g - the +9 hand axe of Inference (weapon) {venom, Int+2}
   (You found it on level 2 of the Dungeon)

   Int+2:     It affects your intelligence (+2).
Armour
 c - a +0 buckler (worn)
 p - a +2 scale mail of poison resistance (worn)
Jewellery
 s - an amulet of guardian spirit
Wands
 l - a wand of paralysis (11)
Scrolls
 a - 2 scrolls of identify {unknown}
 b - a scroll of fear {unknown}
 f - a scroll of brand weapon {unknown}
 h - 2 scrolls of noise {unknown}
 i - 2 scrolls of blinking {unknown}
 n - a scroll of silence {unknown}
 o - a scroll of teleportation {unknown}
 q - 2 scrolls of fog {unknown}
Potions
 d - a potion of might
 e - a potion of resistance {unknown}
 j - a potion of curing {unknown}
 k - 2 potions of mutation {unknown}
 m - a potion of cancellation {unknown}
 r - a potion of enlightenment {unknown}


   Skills:
 + Level 3.6 Fighting
 + Level 3.0 Axes
 + Level 3.5 Armour
 + Level 1.3 Dodging
 + Level 3.0 Shields


You had 4 spell levels left.
You didn't know any spells.
Your spell library was empty.

Dungeon Overview and Level Annotations

Branches:
Dungeon (4/15)
 Temple: D:4-7

Altars:
Okawaru
Wu Jian
Xom

Shops:
D:2 (


Innate Abilities, Weirdness & Mutations

You are mostly covered in sharp spines.
You are partially covered in razor-sharp scales. (AC +1, Slay +1)


Message History

There is a stone staircase leading up here.
There is a stone staircase leading down here.
You climb downwards.
There is a stone staircase leading up here.
Found a whip.
You see here a +0 whip.
A ball python comes into view.
The ball python hisses angrily.
A ball python is nearby!
You slash the ball python!
You kill the ball python!
Okawaru accepts your kill.
No target in view!
No target in view!
No target in view!
You see here a ball python corpse.
An ogre comes into view. It is wielding a +0 giant club.
The ogre shouts!
An orc comes into view. It is wielding a +0 hand axe.
There are monsters nearby!
There are monsters nearby!
The orc shouts!
You hear a shout!
An orc comes into view. It is wielding a +0 hand axe.
An orc comes into view. It is wielding a +0 flail.
You hit the ogre.
The ogre is poisoned.
The ogre is lightly wounded.
The ogre hits you but does no damage.
A quokka comes into view.
You slash the ogre!
The ogre looks as sick as possible!
The ogre is heavily wounded.
The ogre is struck by your spines.
The ogre hits you with a +0 giant club!!
Ouch! That really hurt!
You barely miss the ogre.
The ogre is heavily wounded.
You hit the ogre.
The ogre is severely wounded.
The ogre hits you with a +0 giant club!!
Ouch! That really hurt!
You die...

.........#
#.........
#.........
#.......o.
#r........
#...o....o
#o........
#O####.###
#@# ..
#.########
#.......#
#######.#
#.# #.#
#.# #.#
#.#


You could see an ogre (extremely poisoned), an orc and a quokka.

Vanquished Creatures
  Terence (D:3)
  4 adders
  2 worms
  A dart slug (D:1)
  3 orcs (D:3)
  10 ball pythons
  6 endoplasms
  2 giant cockroaches
  2 goblins
  7 hobgoblins
  7 jackals
  4 quokkas
  7 bats
  6 frilled lizards
  6 kobolds
  6 rats
74 creatures vanquished.

Notes
Turn   | Place    | Note
-------+----------+-------------------------------------------
     0 | D:1      | Maratek the Demonspawn Fighter began the quest for the Orb.
     0 | D:1      | Reached XP level 1. HP: 18/18 MP: 1/1
    74 | D:1      | Gained mutation: You are partially covered in sharp spines.
                  | [demonic ancestry]
    74 | D:1      | Reached XP level 2. HP: 22/24 MP: 2/2
   228 | D:1      | You fall into a shaft and drop 1 floor!
   270 | D:2      | Identified the +9 hand axe of Inference {venom, Int+2}
   362 | D:2      | Gained mutation: You are mostly covered in sharp spines.
                  | [demonic ancestry]
   362 | D:2      | Reached XP level 3. HP: 29/29 MP: 3/3
   813 | D:2      | Gained mutation: You are partially covered in razor-sharp
                  | scales. (AC +1, Slay +1) [demonic ancestry]
   813 | D:2      | Reached XP level 4. HP: 35/35 MP: 4/4
   859 | D:2      | Found Behentog's Antique Weapon Boutique.
  1482 | D:3      | Noticed Terence
  1488 | D:3      | Killed Terence
  1489 | D:3      | Reached skill level 1 in Dodging
  1615 | D:3      | Found an iron altar of Okawaru.
  1662 | D:3      | Found a shimmering altar of Xom.
  1695 | D:3      | Became a worshipper of Warmaster Okawaru
  1832 | D:3      | Reached XP level 5. HP: 40/42 MP: 5/5
  2065 | D:3      | Found an ornate altar of the Wu Jian Council.
  2273 | D:4      | Noticed an ogre
  2284 | D:4      | Mangled by an ogre

Illustrated notes

Levels and vault maps discovered:
D:1:      nzn_arrival_depleted_hourglass, layout_loops_ring
D:2:      layout_loops_ring, serial_shops, shop
D:3:      layout_rooms, nicolae_wu_jian_immortal_techniques,
          mainiacjoe_overflow_six_doors_small,
          hellmonk_okawaru_the_only_friend_you_need, minmay_quadrilaterals,
          uniq_terence
D:4:      layout_basic, mainiacjoe_overflow_brackets,
          minmay_temple_entry_poolview, hellmonk_no_cap

Skill      XL: |  1  2  3  4  5 |
---------------+----------------+-----
Axes           | 2 3 |  3.0
Armour         | 3 |  3.5
Shields        | 3 |  3.0
Dodging        | 1 |  1.3
Fighting       | |  3.6

Action                     |  1- 3 |  4- 6 || total
---------------------------+-------+-------++-------
  Melee: War axe           |    28 |       ||    28
         Hand axe          |    22 |    56 ||    78
 Armour: Scale mail        |    24 |    23 ||    47
  Dodge: Dodged            |    18 |    16 ||    34
  Block: Buckler           |     7 |     9 ||    16

Table legend: (Time is in decaauts)
 A = Elapsed time spent in this place.
 B = Non-inter-level travel time spent in this place.
 C = Inter-level travel time spent in this place.
 D = Time resting spent in this place.
 E = Time spent auto-exploring this place.
 F = Levels seen in this place.
 G = Mean time per level.
                   A        B        C        D        E       F      G
               +--------+--------+--------+--------+--------+-----+--------+
         Total |   2311 |   2160 |    151 |      0 |   1800 |   4 |  577.8 |
       Dungeon |   2311 |   2160 |    151 |      0 |   1800 |   4 |  577.8 |
               +--------+--------+--------+--------+--------+-----+--------+

Top non-repeatable levels by time:
     D:2: 793 daAuts
     D:1: 708 daAuts
     D:3: 687 daAuts
     D:4: 122 daAuts
